 Dungeon Crawl Stone Soup version 0.22.1-1-ga44c0e5 (webtiles) character file.

705 Fang the Chopper (level 7, -17/44 HPs)
             Began as a Gargoyle Berserker on Oct 9, 2018.
             Was a Priest of Trog.
             Demolished by an ogre
             ... wielding a +0 giant club
              (21 damage)
             ... on level 4 of the Dungeon.
             The game lasted 00:06:35 (4882 turns).

Fang the Chopper (Gargoyle Berserker)               Turns: 4882, Time: 00:06:36

Health: -17/44     AC:  8    Str: 27    XL:     7   Next: 67%
Magic:  7/7        EV: 13    Int:  8    God:    Trog [***...]
Gold:   165        SH:  0    Dex: 12    Spells: 6/6 levels left

rFire    . . .     SeeInvis .   a - +0 hand axe
rCold    . . .     Gourm    .   (no shield)
rNeg     + . .     Faith    .   b - +0 animal skin
rPois    ∞         Spirit   .   q - +1 hat
rElec    +         Reflect  .   (no cloak)
rCorr    .         Harm     .   (no gloves)
MR       .....                  (no boots)
Stlth    ++........             (no amulet)
HPRegen  0.14/turn              j - +3 ring of dexterity
MPRegen  0.10/turn              (no ring)

@: mighty, berserk cooldown, slowed, very slow
A: negative energy resistance 1, electricity resistance, unbreathing,
petrification resistance, rot immunity, AC +4
a: Berserk, Trog's Hand, Renounce Religion


You were on level 4 of the Dungeon.
You worshipped Trog.
Trog was most pleased with you.
You were very hungry.

You visited 1 branch of the dungeon, and saw 4 of its levels.

You collected 165 gold pieces.

Inventory:

Hand Weapons
 a - a +0 hand axe (weapon)
Armour
 b - a +0 animal skin (worn)
 q - a +1 hat (worn)
Jewellery
 j - a +3 ring of dexterity (left hand)
 k - a +2 ring of evasion {unknown}
Scrolls
 e - 9 scrolls of identify
 f - 3 scrolls of remove curse {unknown}
 g - 2 scrolls of immolation {unknown}
 l - 5 scrolls of amnesia {unknown}
 m - 2 scrolls of fog {unknown}
 p - a scroll of random uselessness {unknown}
 s - a scroll of teleportation {unknown}
 t - a scroll of magic mapping {unknown}
 w - a scroll of enchant weapon {unknown}
Potions
 h - 2 potions of brilliance
 i - 2 potions of resistance {unknown}
 n - a potion of berserk rage {unknown}
 o - 2 potions of haste {unknown}
 r - a potion of might
 v - a potion of mutation {unknown}
Comestibles
 c - 6 rations
 u - a chunk of flesh


   Skills:
 + Level 5.0 Fighting
 + Level 5.8 Axes
 + Level 2.4 Armour
 + Level 3.5 Dodging
 + Level 2.5 Stealth


You had 6 spell levels left.
You didn't know any spells.
Your spell library was empty.

Dungeon Overview and Level Annotations

Branches:
Dungeon (4/15)
 Temple: D:4-7

Altars:
Ashenzari
Cheibriados
Elyvilon
Fedhas
Gozag
Kikubaaqudgha
Makhleb
Okawaru
Xom
Yredelemnul


Innate Abilities, Weirdness & Mutations

You are resistant to torment.
Your stone body is resilient. (AC +4)
You are immune to poison.
You resist negative energy. (rN+)
You are resistant to electric shocks. (rElec)
You can survive without breathing.
You are immune to petrification.
You are immune to rotting.


Message History

The gnoll closely misses you. The ogre hits you but does no damage.
Unknown command.
You barely miss the ogre.
The ogre is heavily wounded.
You hit the gnoll but do no damage. The gnoll hits you with a flail!
* * * LOW HITPOINT WARNING * * *
The ogre closely misses you. The gnoll hits you with a flail!
* * * LOW HITPOINT WARNING * * *
Unknown command.
Okay, then.
You feel better. The ogre closely misses you. The gnoll hits you with a flail.
* * * LOW HITPOINT WARNING * * *
As you read the scroll labeled NAEMOUVURUK, it crumbles to dust.
It is a scroll of identify.
h - 2 potions of brilliance The ogre hits you but does no damage.
The gnoll misses you.
It was a potion of might.
You feel very mighty all of a sudden. The ogre hits you with a giant club!!
You die...

#.......#.)....##..#..#.####
####+####......###.#.......#
#.......................#
################........#
#######<... #........#
......... #........#
#.....## #..#......
###.g....# ##.#......
#..%O@)# #...)....
#....##.## #........ ###
#.##### ##.....>.. #.....#
#......... #....####.#
#......... #.##.
#.###......... #.
#........>.... ##
#.......#.#### #.....†)#.#


You could see an ogre and a gnoll.

Vanquished Creatures
  Edmund (D:4)
  2 ogres (D:4)
  2 scorpions (D:4)
  Ijyb (D:4)
  2 worker ants (D:4)
  Robin (D:3)
  6 gnolls
  7 adders
  3 oozes
  5 worms
  2 leopard geckos (D:4)
  4 orcs
  2 ball pythons (D:2)
  4 giant cockroaches
  29 goblins
  7 hobgoblins
  3 jackals (D:3)
  3 quokkas (D:2)
  6 bats
  3 frilled lizards
  8 kobolds
  A leopard gecko skeleton (D:4)
  A quokka zombie (D:3)
  7 rats
110 creatures vanquished.

Notes
Turn   | Place    | Note
-------+----------+-------------------------------------------
     0 | D:1      | Fang the Gargoyle Berserker began the quest for the Orb.
     0 | D:1      | Reached XP level 1. HP: 14/14 MP: 1/1
    18 | D:1      | Reached XP level 2. HP: 14/19 MP: 2/2
   836 | D:2      | Reached XP level 3. HP: 24/24 MP: 3/3
   891 | D:2      | Found a snail-covered altar of Cheibriados.
   929 | D:2      | Reached ** piety under Trog
   976 | D:2      | Found a shattered altar of Ashenzari.
  1091 | D:2      | Found a burning altar of Makhleb.
  1497 | D:2      | Found a shimmering altar of Xom.
  1500 | D:2      | Found a basalt altar of Yredelemnul.
  1503 | D:2      | Found a blossoming altar of Fedhas.
  1775 | D:2      | Found an iron altar of Okawaru.
  1779 | D:2      | Reached XP level 4. HP: 29/29 MP: 4/4
  2004 | D:2      | Found an opulent altar of Gozag.
  2306 | D:3      | Reached XP level 5. HP: 19/33 MP: 5/5
  2307 | D:3      | Found a white marble altar of Elyvilon.
  2825 | D:3      | Reached skill level 1 in Stealth
  2910 | D:3      | Noticed Robin
  2925 | D:3      | Killed Robin
  3373 | D:3      | Found an ancient bone altar of Kikubaaqudgha.
  3846 | D:4      | Reached *** piety under Trog
  4002 | D:4      | Reached XP level 6. HP: 39/39 MP: 6/6
  4230 | D:4      | Reached skill level 5 in Axes
  4429 | D:4      | Reached XP level 7. HP: 29/44 MP: 7/7
  4757 | D:4      | Noticed Edmund
  4774 | D:4      | Killed Edmund
  4774 | D:4      | Reached skill level 5 in Fighting
  4849 | D:4      | Noticed Ijyb
  4854 | D:4      | Paralysed by Ijyb for 6 turns
  4868 | D:4      | Killed Ijyb
  4879 | D:4      | HP: 2/44 [gnoll/flail (8)]
  4882 | D:4      | Demolished by an ogre

Skill      XL: |  1  2  3  4  5  6  7 |
---------------+----------------------+-----
Axes           | 3 4 5 |  5.8
Dodging        | 2 3 |  3.5
Fighting       | 4 5 |  5.0
Stealth        | 1 2 |  2.5
Armour         | |  2.4

Action                   |  1- 3 |  4- 6 |  7- 9 || total
-------------------------+-------+-------+-------++-------
Melee: Hand axe          |   112 |   198 |    48 ||   358
Invok: Berserk           |     2 |     2 |     3 ||     7
  Use: Potion            |       |     1 |     2 ||     3
       Scroll            |       |       |     1 ||     1
 Stab: Sleeping          |     2 |       |     2 ||     4
  Eat: Chunk             |     1 |    10 |     4 ||    15
       Ration            |     1 |       |       ||     1
Armor: Animal skin       |    39 |    77 |    17 ||   133
Dodge: Dodged            |    81 |   159 |    25 ||   265
